 Dungeon Crawl Stone Soup version 0.31.0-32-g396128a36d (webtiles) character file.

Game seed: 12998192536159386682

142 melchizedek the Shooter (level 5, -4/29 HPs)
             Began as a Kobold Hexslinger on Apr 17, 2024.
             Slain by a gnoll
             ... wielding a +2 heavy spear
             ... led by a gnoll bouda
              (6 damage)
             ... on level 4 of the Dungeon.
             The game lasted 00:06:27 (2210 turns).

melchizedek the Shooter (Kobold Hexslinger)         Turns: 2210, Time: 00:06:27

Health: -4/29      AC:  5    Str:  5    XL:     5   Next: 49%
Magic:  7/7        EV: 14    Int: 15    God:
Gold:   132        SH:  0    Dex: 19    Spells: 5/7 levels left

rFire   . . .        a - +2 sling
rCold   . . .        (no shield)
rNeg    . . .        g - +0 leather armour
rPois   .            (helmet restricted)
rElec   .            (no cloak)
rCorr   +            (no gloves)
SInv    +            (no boots)
Will    +....        (no amulet)
Stlth   +++          d - ring of willpower
HPRegen 0.24/turn    n - ring of resist corrosion
MPRegen 0.10/turn

%: no passive effects
@: no status effects
A: small, no large weapons, nightstalker 3, horns 1, iridescent scales 1, see
invisible, wild magic 1
a: no special abilities


You were on level 4 of the Dungeon.
You visited 1 branch of the dungeon, and saw 4 of its levels.

You collected 132 gold pieces.

Inventory:

Hand Weapons
 a - a +2 sling (weapon)
 e - a +0 whip
 f - a +0 flail
Missiles
 j - 7 poisoned darts
Armour
 c - a +0 robe
 g - a +0 leather armour (worn)
 m - a +0 buckler
Jewellery
 d - a ring of willpower (left hand)
 n - a ring of resist corrosion (right hand)
Wands
 p - a wand of flame (21)
Scrolls
 b - a scroll of poison
Potions
 k - a potion of mutation
 o - a potion of degeneration


   Skills:
 - Level 1.4 Fighting
 + Level 4.9 Ranged Weapons
 - Level 0.4 Armour
 - Level 2.5 Dodging
 * Level 2.4 Stealth
 * Level 1.7 Spellcasting
 * Level 3.7 Hexes
 + Level 1.0 Fire Magic


You had 5 spell levels left.
You knew the following spells:

 Your Spells              Type           Power      Damage    Failure   Level
a - Jinxbite              Hex            32%        N/A       17%         2

Your spell library contained the following spells:

 Spells                   Type           Power      Damage    Failure   Level
 Sigil of Binding         Hex            16%        N/A       32%         3
 Tukima's Dance           Hex            16%        N/A       32%         3
 Ensorcelled Hibernation  Hex/Ice        16%        N/A       34%         2
 Inner Flame              Hex/Fire       10%        N/A       50%         3
 Cause Fear               Hex            8%         N/A       71%         4
 Fugue of the Fallen      Necr           1%         N/A       82%         3
 Anguish                  Hex/Necr       4%         N/A       91%         4
 Dimensional Bullseye     Hex/Tloc       4%         N/A       91%         4
 Passage of Golubria      Tloc           1%         N/A       99%         4
 Yara's Violent Unravell  Hex/Alch       4%         3d4       99%         5


Dungeon Overview and Level Annotations

Branches:
Dungeon (4/15)
 Temple: D:4-7

Altars:
Vehumet

Shops:
D:1 *(:


Innate Abilities, Weirdness & Mutations

You are small and have problems with some larger weapons.
You are completely attuned to the shadows.
You have a pair of small horns on your head.
You are partially covered in iridescent scales. (AC +2)
You have supernaturally acute eyesight. (SInv)
Your spells are a little harder to cast, but a little more powerful.


Message History

The gnoll hits you with a +0 club.
* * * LOW HITPOINT WARNING * * *
Fire: a) +2 sling
Press: ? - help, Q - select action, (/) - cycle Shift-Dir - straight line, f/p - gnoll
Aim: a gnoll, wielding a +0 club (almost dead, 66% to hit)
You shoot a sling bullet. The sling bullet hits the gnoll!
You kill the gnoll!
You feel your willpower return.
Items here: ))) [ †.
Okay, then.
j - 7 poisoned darts (gained 2)
You see here a +0 flail.
f - a +0 flail A gnoll comes into view. It is wielding a +0 club.
The gnoll shouts!
You hear a shout!
A gnoll comes into view. It is wielding a +2 heavy spear.
A goblin comes into view. It is wielding a +0 dagger.
Found a whip.
The gnoll barely misses you. The gnoll attacks as it pursues you!
The gnoll hits you with a +0 club.
* * * LOW HITPOINT WARNING * * *
The gnoll attacks as it pursues you! The gnoll hits you with a +0 club.
* * * LOW HITPOINT WARNING * * *
The gnoll attacks as it pursues you! The gnoll barely misses you.
The gnoll attacks as it pursues you!
The gnoll hits you from afar with a +2 heavy spear.
* * * LOW HITPOINT WARNING * * *
As you read the scroll labelled YTE QYSMIRRAMP, it crumbles to dust.
You feel aware of your surroundings.
You sensed 1 shop/portal.
It was a scroll of revelation.
The gnoll hits you but does no damage. The gnoll closely misses you.
The gnoll attacks as it pursues you! The gnoll hits you with a +0 club.
* * * LOW HITPOINT WARNING * * *
The gnoll attacks as it pursues you! The gnoll barely misses you.
The gnoll attacks as it pursues you! The gnoll completely misses you.
As you read the scroll labelled UDIKKA DUOD HEWK, it crumbles to dust.
It is a scroll of identify.
o - a potion of degeneration The gnoll misses you.
The gnoll hits you from afar with a +2 heavy spear.
You die...

*,,,,,,,,,,,,,,,,,,*
*8,∩,8**,,,,,,,,,,,*
*,,,,,***,,,,,,,,,,*
*,,8,,,,,,,,,,,,,,,*
********.....,,,,,,***
*#...,,,,*,,,,*****
#..,*******,,,,,,,
#.#** ****,,,,
#####@### ***,,,,,, *
####gg### ***,,,,,,,,
*** ####.g###
*,,,,,,,,,, ,,**
###....## *,.........
*,,** ##......#
*#......... **,,***
#.......## #.$.......
*,,,,** *#........#
*#........
**,**,,****.........##
#...$....
,,,***,,,,,..........#
#.....)..


You could see 2 gnolls and a goblin.

Vanquished Creatures
  A gnoll bouda (D:4)
  A hound (D:4)
  3 gnolls (D:4)
  2 adders (D:2)
  A dart slug (D:1)
  2 endoplasms (D:1)
  4 giant cockroaches
  3 hobgoblins
  4 kobolds
  5 ball pythons
  4 bats
  2 frilled lizards
  5 goblins
  3 rats
40 creatures vanquished.

Notes
Turn   | Place    | Note
-------+----------+-------------------------------------------
     0 | D:1      | melchizedek the Kobold Hexslinger began the quest for the
                  | Orb.
     0 | D:1      | Reached XP level 1. HP: 12/12 MP: 2/2
    31 | D:1      | Reached skill level 3 in Ranged Weapons
    38 | D:1      | Reached XP level 2. HP: 3/16 MP: 3/3
   773 | D:1      | Found Ufezeu's Weapon Shop.
   778 | D:1      | Found Zumuug's Book Boutique.
   885 | D:1      | Reached XP level 3. HP: 20/20 MP: 4/4
   984 | D:1      | Found Tiguwn's Assorted Antiques.
  1248 | D:2      | Reached skill level 1 in Stealth
  1845 | D:2      | Reached XP level 4. HP: 24/25 MP: 5/5
  1854 | D:2      | Found a faded altar of an unknown god.
  2021 | D:3      | Learned a level 2 spell: Jinxbite
  2032 | D:3      | Found a radiant altar of Vehumet.
  2032 | D:3      | You fall into a shaft and drop 1 floor!
  2041 | D:4      | Reached skill level 4 in Ranged Weapons
  2098 | D:4      | Noticed a water moccasin
  2158 | D:4      | HP: 1/25 [gnoll bouda/+0 club (7)]
  2159 | D:4      | Gained mutation: You are partially covered in iridescent
                  | scales. (AC +2) [potion of mutation]
  2159 | D:4      | Gained mutation: You have a pair of small horns on your
                  | head. [potion of mutation]
  2159 | D:4      | Gained mutation: Your spells are a little harder to cast,
                  | but a little more powerful. [potion of mutation]
  2159 | D:4      | Gained mutation: You have supernaturally acute eyesight.
                  | (SInv) [potion of mutation]
  2176 | D:4      | Reached XP level 5. HP: 22/29 MP: 5/7
  2210 | D:4      | Slain by a gnoll

Illustrated notes

Levels and vault maps discovered:
D:1:      minmay_arrival_cross, layout_loops_corners, serial_shops,
          nicolae_shop_tiny_real_fake_doors, nicolae_shop_pleasant_corner_grove,
          shop
D:2:      layout_loops_ring, dreamdust_ecumenical_altar_grove,
          minmay_heptomino_l4
D:3:      layout_loops_ring, nicolae_vehumet_altar_sigil, minitemple,
          gammafunk_ghost_gnarly_gnolls
D:4:      layout_cave_pods, nicolae_ossuary_entry_monument,
          guppyfry_early_lair_pool

Skill      XL: |  1  2  3  4 |
---------------+-------------+-----
Ranged Weapons | 3 4 |  4.9
Stealth        | 1 2 |  2.4
Fighting       | |  1.4
Armour         | |  0.4
Dodging        | |  2.5
Spellcasting   | |  1.7
Hexes          | |  3.7
Fire Magic     | |  1.0

Action                     |  1- 3 |  4- 6 || total
---------------------------+-------+-------++-------
   Fire: Sling             |    95 |    43 ||   138
   Cast: Jinxbite          |       |     1 ||     1
    Use: Scroll            |       |     4 ||     4
         Potion            |       |     2 ||     2
 Armour: Robe              |     4 |       ||     4
         Leather armour    |    17 |    28 ||    45
  Dodge: Dodged            |    44 |    36 ||    80
